[Event "*** Titled Tuesday Blitz"]
[Site "Chess.com"]
[Date "2020.04.14"]
[Round "5"]
[White "NM2019"]
[Black "desni93"]
[Result "0-1"]
[WhiteElo "2039"]
[BlackElo "2229"]
[TimeControl "180+1"]
[EndTime "10:51:16 PDT"]
[Termination "desni93 won on time"]

1. Nf3 e6 2. c4 d5 3. d4 Nf6 4. Nc3 a6 5. cxd5 exd5 6. Bg5 Be6 7. e3 Nbd7 8. Bd3 Bd6 9. Qc2 c6 10. O-O Qc7 11. Bf5 Bxf5 12. Qxf5 O-O 13. Rac1 Rfe8 14.
Bh4 g6 15. Qd3 Rac8 16. Bg3 Bxg3 17. hxg3 Qd6 18. a3 Ne4 19. b4 Nb6 20. Rb1 Kg7 21. Nd2 Nxd2 22. Qxd2 Nc4 23. Qd3 Nxa3 24. Nxd5 Nxb1 25.
Nb6 Rcd8 26. Rxb1 h5 27. Nc4 Qd5 28. Qc3 Qf5 29. Ra1 Kg8 30. Ne5 Rd5 31. f3 Rdxe5 32. dxe5 Qxe5 33. Qxe5 Rxe5 34. Kf2 Rb5 35. Ra4 f5 36. Ke2 Kf7 37. Kd3 Rd5+ 38. Kc3 Kf6 39. Ra1 c5 40. bxc5 Rxc5+ 41. Kd3 Rb5 42. Rc1 Rb2 43. Rc7 Rxg2 44. Rxb7 Rxg3 45. Ke2 Rg2+ 0-1

[Event "*** Titled Tuesday Blitz"]
[Site "Chess.com"]
[Date "2020.04.14"]
[Round "5"]
[White "SCIM"]
[Black "bancsoo"]
[Result "1-0"]
[WhiteElo "2600"]
[BlackElo "2748"]
[TimeControl "180+1"]
[EndTime "10:51:17 PDT"]
[Termination "SCIM won by resignation"]

1. d4 d5 2. c4 c6 3. Nf3 Nf6 4.
e3 Bf5 5. Nc3 e6 6. Nh4 Bg6 7.
Qb3 Qc7 8. Be2 Nbd7 9. Bd2 Nb6 10. cxd5 exd5 11. Nxg6 hxg6 12. h3 Bd6 13. Rc1 Qd7 14.
a4 Nc8 15. a5 Ne7 16. Na4 Ne4 17.
Bb4 Rd8 18. Bxd6 Nxd6 19. Nc5 Qc7 20. Qa4 a6 21. Nd3 g5 22. Ne5 f6 23. Nd3 Nef5 24. Bg4 g6 25. Nc5 Kf7 26. O-O Rde8 27. Qb3 Nh6 28. Bf3 Qe7 29. e4 Kg7 30. exd5 Nhf5 31. Ne6+ Kh6 32. Rfe1 Nh4 33. dxc6 Nxf3+ 34. Qxf3 bxc6 35.
Rxc6 Nf5 36. Rcc1 Qb4 37. d5 Rc8 38. g4 Rxc1 39. Rxc1 Qxb2 40. Qc3 Qxc3 41. Rxc3 Nd6 42. Rc6 Ne4 43. Rxa6 Rb8 44. Rb6 Rc8 45. a6 Rc1+ 46.
Kg2 Rc2 47. Rb8 Rxf2+ 48. Kg1 Kh7 49. a7 1-0

[Event "*** Titled Tuesday Blitz"]
[Site "Chess.com"]
[Date "2020.04.14"]
[Round "5"]
[White "MisiekZielony"]
[Black "karwowskikacper"]
[Result "1-0"]
[WhiteElo "2197"]
[BlackElo "2338"]
[TimeControl "180+1"]
[EndTime "10:51:17 PDT"]
[Termination "MisiekZielony won by resignation"]

1. c4 e6 2. Nc3 Bb4 3. d4 Nf6 4.
Qc2 d5 5. cxd5 Qxd5 6. e3 O-O 7.
Bd2 Bxc3 8. bxc3 b6 9. Nf3 Bb7 10. c4 Qh5 11. Be2 Qg6 12. Qxg6 hxg6 13. Bb4 Rc8 14. c5 Na6 15. c6 Nxb4 16. cxb7 Nc2+ 17. Kd2 Nxa1 18. Rxa1 Rd8 19. bxa8=Q Rxa8 20. Rc1 Nd5 21. e4 Nf6 22. Bd3 Rc8 23. Ne5 Kf8 24. f3 a5 25.
Ba6 Rd8 26. Ke3 Ne8 27. Nc6 Rd6 28. e5 Rd5 29. Bc4 Rd7 30. Bb5 Rd5 31. a4 f6 32.
f4 g5 33. g3 gxf4+ 34. gxf4 g5 35. fxg5 fxe5 36. Nxe5 Nd6 37. Bd3 c5 38. Nf3 Kg7 39. h4 cxd4+ 40. Nxd4 e5 41. Nf5+ Nxf5+ 42. Bxf5 Rd4 43.
Rc7+ Kg8 44. h5 Rf4 45. Be6+ 1-0

[Event "*** Titled Tuesday Blitz"]
[Site "Chess.com"]
[Date "2020.04.14"]
[Round "5"]
[White "Rinas_Oleg"]
[Black "Funkmaus"]
[Result "0-1"]
[WhiteElo "2311"]
[BlackElo "2194"]
[TimeControl "180+1"]
[EndTime "10:51:17 PDT"]
[Termination "Funkmaus won on time"]

1. e4 c6 2. d4 d5 3. exd5 cxd5 4. Bd3 Qc7 5. c3 Nf6 6. Nd2 Nc6 7. Ngf3 Bg4 8. h3 Bh5 9. O-O e6 10. Re1 Bd6 11. Nf1 O-O 12. Bg5 Nd7 13. Bh4 a6 14. Bg3 b5 15. Bxd6 Qxd6 16. Ng3 Bg6 17. Bxg6 hxg6 18.
Ng5 Qf4 19. Qg4 Qxg4 20. hxg4 a5 21. a3 Rfb8 22. Nf3 Nb6 23. Kf1 Nc4 24. Reb1 b4 25.
axb4 axb4 26. Rxa8 Rxa8 27. Ne2 f6 28. Nc1 Kf7 29.
Ke1 g5 30. Nd2 Nd6 31. Nd3 Rb8 32. f3 Kg6 33. Kd1 bxc3 34. bxc3 Nb5 35. Rb3 Na5 36.
Rb2 Nxc3+ 37. Kc2 Rxb2+ 38. Nxb2 Nb5 39. Kd3 e5 40. dxe5 fxe5 0-1

[Event "*** Titled Tuesday Blitz"]
[Site "Chess.com"]
[Date "2020.04.14"]
[Round "5"]
[White "Khamrakulov_Djurabek"]
[Black "Willychess95"]
[Result "1-0"]
[WhiteElo "2901"]
[BlackElo "2644"]
[TimeControl "180+1"]
[EndTime "10:51:18 PDT"]
[Termination "Khamrakulov_Djurabek won by resignation"]

1. e4 c5 2. c3 Nf6 3. e5 Nd5 4. d4 cxd4 5. Nf3 d6 6. cxd4 Nc6 7. Bc4 Nb6 8. Bb5 dxe5 9. Nxe5 Bd7 10. Nxd7 Qxd7 11.
Nc3 e6 12. O-O Be7 13. Qg4 O-O-O 14. Be3 Kb8 15. Qxg7 a6 16. Bxc6 Qxc6 17. Qxf7 Bd6 18. g3 h5 19. Qxe6 h4 20. d5 Qc7 21. Ne4 hxg3 22.
Nxd6 Qh7 23. h3 Rdg8 24. Bf4 gxf2+ 25. Kh2 Rg6 26. Nc8+ Ka8 27. Nxb6+ Ka7 28. Qe3 Rxb6 29. a4 Ka8 30. Rxf2 Rf6 31. Rg1 Rf5 32. d6 Rhf8 33. Rg4 Qd7 34. Kg3 R5f7 35. Qd4 Re8 36. Be3 b6 37.
Qd5+ Kb8 38. Rxf7 Qxd6+ 39. Qxd6+ 1-0

[Event "*** Titled Tuesday Blitz"]
[Site "Chess.com"]
[Date "2020.04.14"]
[Round "5"]
[White "ItalianMachine"]
[Black "Qingdom"]
[Result "1-0"]
[WhiteElo "2280"]
[BlackElo "2096"]
[TimeControl "180+1"]
[EndTime "10:51:18 PDT"]
[Termination "ItalianMachine won by checkmate"]

1. d4 Nf6 2. c4 c5 3. d5 e6 4. Nc3 exd5 5. cxd5 d6 6. e4 g6 7. Nf3 Bg7 8. Be2 O-O 9. O-O Re8 10. Bf4 Nxe4 11. Bb5 Nxc3 12. bxc3 Bd7 13. Qb3 Bxb5 14. Qxb5 Bxc3 15. Rac1 Be5 16. Bxe5 dxe5 17. Qxb7 Nd7 18. Rfd1 Qc8 19. Qb5 Rb8 20. Qa5 Rb7 21. Nd2 Qb8 22. Ne4 Rb5 23. Qa3 Qb6 24. Qc3 Rb8 25. Qh3 f5 26. Nc3 Rb2 27. d6 c4 28.
Qh4 Re8 29. Nd5 Qa5 30. Nf6+ Nxf6 31. Qxf6 Rbb8 32. d7 Rf8 33. Qe6+ Kg7 34. Rd5 Qa3 35. Qxe5+ Kh6 36. Rcd1 Qxa2 37. R5d4 g5 38. Rd6+ Kh5 39.
Qg3 g4 40. Qf4 Rf6 41. Rxf6 Rb1 42. Rh6# 1-0

[Event "*** Titled Tuesday Blitz"]
[Site "Chess.com"]
[Date "2020.04.14"]
[Round "5"]
[White "HouseOfDurin"]
[Black "Ave_Mariia"]
[Result "1/2-1/2"]
[WhiteElo "2067"]
[BlackElo "2302"]
[TimeControl "180+1"]
[EndTime "10:51:19 PDT"]
[Termination "Game drawn by agreement"]

1. d4 Nf6 2. Bg5 e6 3. e4 h6 4. Bxf6 Qxf6 5. e5 Qd8 6. f4 d6 7. Nf3 c5 8. dxc5 dxc5 9. Qxd8+ Kxd8 10. Nc3 Nc6 11. O-O-O+ Bd7 12. Nb5 a6 13. Nd6 Bxd6 14.
Rxd6 Kc7 15. Nd2 f6 16. Nc4 fxe5 17. Rxd7+ Kxd7 18. Nb6+ Kd6 19. fxe5+ Nxe5 20. Nxa8 Rxa8 21. g3 Rf8 22. Bg2 b6 23. Rd1+ Ke7 24. Re1 Ng6 25.
Bb7 a5 26. Bd5 Rf6 27. Bc4 e5 28. Re2 Rd6 29. b3 h5 30. Bd3 Re6 31. Bxg6 Rxg6 32. Rxe5+ Re6 33. Rxh5 Kd6 34. Kb2 b5 35. a4 b4 36. h4 Rg6 37. Rg5 Rxg5 38. hxg5 Ke5 39. c3 Kf5 40. cxb4 cxb4 41. Kc2 Kxg5 42. Kd3 Kg4 43.
Kc4 Kxg3 44. Kb5 Kf4 45. Kxa5 g5 46. Kxb4 g4 47. a5 g3 48. a6 g2 49. a7 g1=Q 50. a8=Q Qd4+ 51. Kb5 Qd3+ 52. Kb4 Qd4+ 1/2-1/2

[Event "*** Titled Tuesday Blitz"]
[Site "Chess.com"]
[Date "2020.04.14"]
[Round "5"]
[White "Ellaijio_B"]
[Black "kungmongmanh"]
[Result "0-1"]
[WhiteElo "2713"]
[BlackElo "2577"]
[TimeControl "180+1"]
[EndTime "10:51:20 PDT"]
[Termination "kungmongmanh won on time"]

1. e4 e6 2. Qe2 c5 3. b3 Nc6 4. Bb2 Nge7 5. Qh5 d5 6. Nf3 Ng6 7. Nc3 d4 8. Ne2 d3 9. cxd3 Nb4 10. Nc1 Nc2+ 11. Kd1 Nxa1 12. Bxa1 Nf4 13. Qe5 Ng6 14. Qh5 a6 15. g3 Bd7 16. h4 f6 17.
Be2 e5 18. Ne1 Be7 19. Qf3 O-O 20. h5 Nh8 21. g4 Nf7 22. Ng2 Ng5 23. Qg3 h6 24.
Ne3 Bd6 25. Rg1 Be6 26. Nf5 Bxf5 27. gxf5 Qc7 28. Bf1 b5 29. Ne2 Rfd8 30. Qe3 a5 31.
Rg4 a4 32. f4 exf4 33. Nxf4 Bxf4 34. Rxf4 axb3 35. Bxf6 gxf6 36. axb3 Qe5 37. Ke2 Qd4 38. Qg3 Ra1 39. Bg2 Ra2 40. e5 Qxe5+ 41. Re4 Qxg3 42.
Re7 Qxg2+ 0-1

[Event "*** Titled Tuesday Blitz"]
[Site "Chess.com"]
[Date "2020.04.14"]
[Round "5"]
[White "Y0ung_Capablanca"]
[Black "jerry_77"]
[Result "1-0"]
[WhiteElo "2695"]
[BlackElo "2467"]
[TimeControl "180+1"]
[EndTime "10:51:20 PDT"]
[Termination "Y0ung_Capablanca won by checkmate"]

1. e4 c6 2. d4 d5 3. exd5 cxd5 4. Bd3 Nf6 5. c3 g6 6. Bf4 Bg7 7. Nf3 O-O 8. O-O Nc6 9. Nbd2 Nh5 10. Be3 Re8 11. Re1 Bf6 12. a4 Ng7 13. Nb3 Bf5 14.
a5 Bxd3 15. Qxd3 Nf5 16. Bf4 Nd6 17. Nc5 Qc7 18. a6 bxa6 19. Qxa6 Reb8 20. b4 Rb6 21. Qa2 e6 22. Qe2 Qd8 23. Nd2 Nb5 24. Qf3 a5 25. bxa5 Rxa5 26. Rxa5 Nxa5 27. g3 Nc6 28. Rb1 Na3 29. Rxb6 Qxb6 30. Bh6 Bg7 31. Bg5 Nc4 32. Nxc4 dxc4 33. Nd7 Qc7 34. Nf6+ Kh8 35. Ne8 Qd7 36. Nxg7 Kxg7 37. Qf6+ Kf8 38. Bh6+ Ke8 39. Bg5 Qd5 40. h4 Qf5 41. Qh8+ Kd7 42. Qa8 Ne7 43. Qb7+ Kd6 44.
Bxe7# 1-0

[Event "*** Titled Tuesday Blitz"]
[Site "Chess.com"]
[Date "2020.04.14"]
[Round "5"]
[White "Zq1"]
[Black "OK97"]
[Result "1-0"]
[WhiteElo "2582"]
[BlackElo "2725"]
[TimeControl "180+1"]
[EndTime "10:51:21 PDT"]
[Termination "Zq1 won by resignation"]

1. d4 f5 2. Nf3 Nf6 3. Bg5 g6 4.
Bxf6 exf6 5. e3 d5 6. c4 Be6 7. cxd5 Bxd5 8. Nc3 Bb4 9. a3 Bxc3+ 10. bxc3 c5 11.
Bb5+ Nc6 12. O-O O-O 13. c4 Bxf3 14. Qxf3 cxd4 15. Bxc6 bxc6 16. exd4 Qxd4 17. Qxc6 Rac8 18. Qe6+ Kh8 19. Rac1 Rfe8 20. Qf7 Rf8 21. Qe7 Rfe8 22. Qf7 Rf8 23. Qe7 Qc5 24. Rfe1 Rc7 25. Qxc5 Rxc5 26. Re7 Rfc8 27. Rxa7 Rxc4 28. Rxc4 Rxc4 29. g3 Kg8 30.
Kg2 g5 31. h3 h5 32. a4 h4 33. a5 hxg3 34. Kxg3 Rc3+ 35. Kg2 Ra3 36. a6 f4 37. Kf1 Kf8 38. Ke2 f5 39. f3 Kg8 40.
Kd2 g4 41. hxg4 fxg4 42. fxg4 f3 43. Ke1 Ra2 44. Kf1 Kf8 45. g5 Kg8 46. g6 Kf8 47. Rf7+ Kg8 48. a7 f2 49. Rb7 1-0

[Event "*** Titled Tuesday Blitz"]
[Site "Chess.com"]
[Date "2020.04.14"]
[Round "5"]
[White "BillCoe"]
[Black "Training_Day"]
[Result "0-1"]
[WhiteElo "2068"]
[BlackElo "2314"]
[TimeControl "180+1"]
[EndTime "10:51:21 PDT"]
[Termination "Training_Day won on time"]

1. e4 e5 2. Nf3 Nc6 3. Bb5 a6 4. Ba4 Nf6 5. O-O Be7 6. Re1 b5 7. Bb3 d6 8. c3 O-O 9. h3 Nb8 10. d4 Nbd7 11. dxe5 dxe5 12. Nbd2 Bb7 13. a4 c5 14. axb5 axb5 15. Rxa8 Qxa8 16. Bc2 Rd8 17. Qe2 Bc6 18. Nf1 c4 19. Ng3 Qb8 20. b3 cxb3 21. Bxb3 Nc5 22. Bc2 h6 23. Nd2 b4 24. cxb4 Qxb4 25.
Qc4 Qa5 26. Nf3 Bb5 27. Bd2 Rxd2 28. Nxd2 Bxc4 29. Nf5 Bf8 30. Rd1 Be6 31. Nf3 Nfxe4 32.
Ne3 Nc3 33. Re1 e4 34. Nd4 Bd7 35. Ndf5 g6 0-1

[Event "*** Titled Tuesday Blitz"]
[Site "Chess.com"]
[Date "2020.04.14"]
[Round "5"]
[White "temiksmozg"]
[Black "BillieKimbah"]
[Result "0-1"]
[WhiteElo "2647"]
[BlackElo "2837"]
[TimeControl "180+1"]
[EndTime "10:51:22 PDT"]
[Termination "BillieKimbah won on time"]

1. Nf3 d5 2. e3 Nf6 3. c4 e6 4.
Nc3 a6 5. b3 c5 6. cxd5 exd5 7.
Bb2 Nc6 8. d4 cxd4 9. Nxd4 Bd6 10. Be2 O-O 11. O-O Bc7 12. Bf3 Qd6 13. g3 Bh3 14. Bg2 Bg4 15. Bf3 Bh3 16. Bg2 Bg4 17.
Qd3 Ne5 18. Qc2 Rac8 19. Rac1 Bb6 20. f3 Bh5 21. Qd2 Bg6 22. f4 Nc6 23. f5 Bh5 24.
Na4 Ba5 25. Bc3 Bxc3 26. Nxc3 Ne5 27. h3 Rfe8 28. Rf4 b5 29. g4 b4 30. Nce2 Rxc1+ 31. Qxc1 Bxg4 32. hxg4 Nexg4 33. Qc6 Qe7 34. e4 dxe4 35.
Bxe4 Ne5 36. Qc2 Neg4 37. Bc6 Qe3+ 38. Kg2 Rc8 39. Rf3 Qg5 40. Qc1 Qh4 41. Kg1 Qh2+ 42.
Kf1 Ne4 43. Ng1 Nd2+ 44. Ke1 Nxf3+ 45. Ndxf3 Qf2+ 46. Kd1 Ne3+ 47. Qxe3 Qxe3 0-1

[Event "*** Titled Tuesday Blitz"]
[Site "Chess.com"]
[Date "2020.04.14"]
[Round "5"]
[White "Oleg_Papayan"]
[Black "ClockworkKubrick"]
[Result "1-0"]
[WhiteElo "2377"]
[BlackElo "2210"]
[TimeControl "180+1"]
[EndTime "10:51:22 PDT"]
[Termination "Oleg_Papayan won by resignation"]

1. e4 d6 2. d4 Nf6 3. Nc3 g6 4. Nf3 Bg7 5. Bc4 O-O 6. h3 Nxe4 7. Nxe4 d5 8. Bd3 dxe4 9. Bxe4 Nd7 10. O-O c5 11.
Be3 Nf6 12. Bd3 cxd4 13. Bxd4 b6 14. Qe2 Bb7 15. Bc3 Nd5 16. Bxg7 Kxg7 17. Rfe1 e6 18. Rad1 Qf6 19. Qe5 Nb4 20. Qxf6+ Kxf6 21. Ne5 Rad8 22. c3 Nxd3 23. Nxd3 Rd6 24. f3 Rfd8 25. Nf2 Rxd1 26. Rxd1 Rxd1+ 27. Nxd1 Kf5 28. Kf2 e5 29. g4+ Ke6 30.
Ke3 f5 31. gxf5+ gxf5 32. f4 Bg2 33. h4 h5 34. Nf2 Be4 35. Nxe4 exf4+ 36. Kxf4 fxe4 37.
Kxe4 Kd6 38. Kf5 a5 39. Kg5 Ke5 40. Kxh5 Kf5 41. Kh6 Kf6 42. a4 Kf5 43. h5 Kf6 44. b4 Ke6 45. Kg7 Kd5 46. bxa5 bxa5 47. h6 Kc4 48. h7 Kxc3 49. h8=Q Kb4 50. Qe8 Ka3 51. Qb5 1-0

[Event "*** Titled Tuesday Blitz"]
[Site "Chess.com"]
[Date "2020.04.14"]
[Round "5"]
[White "BilodeauA"]
[Black "giantslayer83"]
[Result "1-0"]
[WhiteElo "2908"]
[BlackElo "2720"]
[TimeControl "180+1"]
[EndTime "10:51:23 PDT"]
[Termination "BilodeauA won by resignation"]

1. e4 e5 2. Nf3 Nc6 3. Bc4 Bc5 4. c3 Nf6 5. d3 d6 6. O-O h6 7. Re1 O-O 8. h3 a6 9. a4 Ba7 10. a5 Be6 11. Bxe6 fxe6 12. Be3 Bxe3 13. Rxe3 Qe8 14.
Nbd2 Nh5 15. Kh2 Nf4 16. Ng1 Kh8 17. Nf1 d5 18. Qb3 Qd7 19. Qc2 Rf6 20. g3 Ng6 21. Rf3 Raf8 22. Kg2 Qf7 23. Nh2 d4 24. Qb3 Rxf3 25.
Ngxf3 Qd7 26. c4 Qc8 27. Qa3 Rf7 28. b4 Qf8 29. Rb1 Kh7 30. Qa4 Nb8 31. b5 Nd7 32.
bxa6 Nc5 33. axb7 Nxa4 34. b8=Q Nc5 35. Qxf8 Rxf8 36. Ne1 c6 37. Rb6 Ne7 38. Nhf3 Ra8 39. Nxe5 Rxa5 40. Nxc6 Nxc6 41. Rxc6 e5 42. h4 h5 43. Nf3 Kg8 44. Nxe5 Nxe4 45. Rc8+ Kh7 46. Nc6 Rc5 47. dxe4 d3 48. Kf3 Rxc4 49. Ke3 Rc2 50. Kxd3 Rxf2 51. Nd4 Rh2 52. Nf3 Rg2 53. Ng5+ 1-0

[Event "*** Titled Tuesday Blitz"]
[Site "Chess.com"]
[Date "2020.04.14"]
[Round "5"]
[White "SavelievAlexei"]
[Black "IljaZaragatski"]
[Result "1/2-1/2"]
[WhiteElo "2388"]
[BlackElo "2547"]
[TimeControl "180+1"]
[EndTime "10:51:23 PDT"]
[Termination "Game drawn - insufficient material"]

1. e4 e6 2. d4 d5 3. Nc3 Nc6 4. Nf3 Nf6 5. Bg5 Be7 6. e5 Ne4 7. Bxe7 Qxe7 8. Bd3 Qb4 9. O-O Nxc3 10. bxc3 Qxc3 11.
Rb1 Qa3 12. Rb3 Qe7 13. c4 Na5 14. Rc3 Nxc4 15. Bxc4 dxc4 16. Rxc4 O-O 17. Qc2 c6 18. Nd2 b6 19. Rd1 Bb7 20. Ne4 c5 21. Nd6 Bd5 22. Rc3 cxd4 23. Rxd4 Qg5 24. f4 Qg6 25. Qxg6 fxg6 26. a3 h6 27. h4 g5 28. hxg5 hxg5 29. g3 gxf4 30. gxf4 Rab8 31. Kf2 b5 32. Rc5 a6 33.
Kg3 Rb6 34. f5 Ba2 35. Rc2 Bb3 36. Rc3 Ba2 37. Rd2 Bd5 38. Rd4 a5 39. Rc5 b4 40.
axb4 axb4 41. Rb5 Rxb5 42. Nxb5 Rxf5 43. Nc7 Rxe5 44. Rxb4 Re3+ 45. Kg4 Re4+ 46. Rxe4 Bxe4 47. Nxe6 Bb1 48. Nxg7 1/2-1/2

[Event "*** Titled Tuesday Blitz"]
[Site "Chess.com"]
[Date "2020.04.14"]
[Round "5"]
[White "PawnEatingZombie"]
[Black "arminmusovic"]
[Result "0-1"]
[WhiteElo "2143"]
[BlackElo "2493"]
[TimeControl "180+1"]
[EndTime "10:51:24 PDT"]
[Termination "arminmusovic won on time"]

1. d4 d5 2. c4 c5 3. cxd5 e6 4. Nf3 exd5 5. Nc3 Nc6 6. dxc5 d4 7. Na4 Nf6 8. e3 Bg4 9. Be2 Bxc5 10. Nxc5 Qa5+ 11. Bd2 Qxc5 12. Rc1 Qh5 13. O-O dxe3 14. Bxe3 O-O 15. h3 Rad8 16. hxg4 Nxg4 17. Qa4 Nce5 18.
Qf4 Ng6 19. Qg3 Nxe3 20. fxe3 Qa5 21. Bc4 Kh8 22. Ng5 Ne5 23. Qxe5 Qxe5 24. Nxf7+ Rxf7 25. Bxf7 Qxe3+ 26. Kh1 Qh6+ 27. Kg1 Qb6+ 28. Kh1 Rf8 29. Bd5 Rxf1+ 30. Rxf1 Qh6+ 31. Kg1 Qe3+ 32. Kh1 g6 33. Bb3 Qh6+ 34. Kg1 Qe3+ 35. Kh1 Kg7 36. Rf7+ Kh6 37. Rxb7 Qe1+ 38. Kh2 Qe5+ 39. Kh1 a5 40. Rd7 Qe1+ 41. Kh2 Qe5+ 42. Kh1 Qxb2 43. Rd5 Qc1+ 44. Kh2 Qc7+ 45. Kh1 Qc1+ 46. Kh2 a4 47. Bxa4 Qf4+ 48. Kh1 Qxa4 0-1

[Event "*** Titled Tuesday Blitz"]
[Site "Chess.com"]
[Date "2020.04.14"]
[Round "5"]
[White "Lysiak_Poltorak"]
[Black "Apocalyps999"]
[Result "1-0"]
[WhiteElo "2249"]
[BlackElo "2385"]
[TimeControl "180+1"]
[EndTime "10:51:24 PDT"]
[Termination "Lysiak_Poltorak won by resignation"]

1. e4 c5 2. Nc3 a6 3. g3 b5 4. Bg2 Bb7 5. Nge2 d6 6. d3 e6 7. O-O Nf6 8. Bg5 Qc7 9. Qd2 Be7 10.
f4 Nbd7 11. Rae1 h6 12. Bxf6 gxf6 13. f5 O-O-O 14. Bh3 e5 15. Nd5 Bxd5 16. exd5 h5 17. c4 h4 18. g4 Bf8 19. Nc3 b4 20. Ne4 Bh6 21. Qc2 Rdg8 22. a3 Qb6 23. Kh1 Bf4 24. axb4 Qxb4 25. Ra1 Qb6 26. Qa4 Nb8 27. b4 Qxb4 28.
Qxb4 cxb4 29. Nxd6+ Kd7 30. Ne4 Rc8 31. Nxf6+ Ke7 32. Ne4 Nd7 33. f6+ Nxf6 34. Nxf6 Kxf6 35. g5+ Kxg5 36. Bxc8 Rxc8 37. Rxa6 Rb8 38. Ra5 h3 39. c5 b3 40. c6 e4 41. d6+ Kf6 42. c7 Rg8 43. d7 Ke7 44. d8=Q+ Rxd8 45. cxd8=Q+ Kxd8 46. Rxf4 b2 47. Rb5 exd3 48. Rd4+ 1-0

[Event "*** Titled Tuesday Blitz"]
[Site "Chess.com"]
[Date "2020.04.14"]
[Round "5"]
[White "Bad_left_hook"]
[Black "Harsha_Bharathakoti"]
[Result "0-1"]
[WhiteElo "2567"]
[BlackElo "2800"]
[TimeControl "180+1"]
[EndTime "10:51:25 PDT"]
[Termination "Harsha_Bharathakoti won by resignation"]

1. d4 Nf6 2. c4 g6 3. Nc3 d5 4. cxd5 Nxd5 5. e4 Nxc3 6. bxc3 Bg7 7. Nf3 c5 8. Rb1 Qa5 9. Rb5 Qxc3+ 10. Bd2 Qa3 11.
Rxc5 O-O 12. Bc1 Qb4+ 13. Bd2 Qb6 14. Be3 Bg4 15. Be2 Rd8 16. O-O Qxc5 17. dxc5 Rxd1 18. Rxd1 Nc6 19. h3 Be6 20. Ng5 Bxa2 21. Rd7 h6 22.
Nf3 Rb8 23. Bb5 a5 24. Bf4 e5 25. Bxc6 bxc6 26. Bxe5 Rb1+ 27. Kh2 Rc1 28. Bd6 a4 29. Ra7 Bb3 30. Ne5 Re1 31. f3 Rc1 32. Nxc6 Bb2 33. Ne7+ Kg7 34. c6 a3 35. Bxa3 Be5+ 36. g3 Rc2+ 37.
Kg1 Bd4+ 38. Kf1 Bxa7 39. c7 Rxc7 40. Bb2+ f6 41. Nd5 Bxd5 42. exd5 Rd7 43. Ke2 Rxd5 44. Bc3 Bd4 45. Bd2 Be5 46. Be3 Bxg3 0-1

[Event "*** Titled Tuesday Blitz"]
[Site "Chess.com"]
[Date "2020.04.14"]
[Round "5"]
[White "Andrii_Prydun"]
[Black "DanielRensch"]
[Result "0-1"]
[WhiteElo "2347"]
[BlackElo "2533"]
[TimeControl "180+1"]
[EndTime "10:51:25 PDT"]
[Termination "DanielRensch won by resignation"]

1. d4 Nf6 2. Nf3 c5 3. c3 b6 4. Bf4 Bb7 5. Nbd2 g6 6. h3 Bg7 7. e3 O-O 8. Bc4 d5 9. Bd3 Ne4 10. Ne5 Nd7 11. Ndf3 f6 12. Nxd7 Qxd7 13. O-O Rae8 14.
Bh2 Nd6 15. Re1 e5 16. dxe5 fxe5 17. e4 d4 18. cxd4 exd4 19. Nd2 Kh8 20. Rb1 Rc8 21. b4 Nb5 22. Qa4 Bc6 23. Qb3 Nc3 24. Rbc1 Ba4 25. Qa3 Qf7 26. Bg3 c4 27. Bf1 b5 28. e5 Qe6 29.
Rxc3 dxc3 30. Qxc3 Rcd8 31. Ne4 Rfe8 32. Nc5 Qf5 33. Qc1 Bc2 34. e6 Bd3 35. e7 Rd5 36.
Bxd3 cxd3 37. Qd2 Bf6 38. Re3 Rxe7 39. Rxd3 Rxd3 40. Qxd3 Qxd3 41. Nxd3 Rd7 42. Nc5 Rd2 43. Ne4 Rd1+ 44. Kh2 Kg7 45. Nd6 Ra1 46. Ne8+ Kf7 47.
Nd6+ Ke6 48. Nxb5 Rxa2 49. Nc7+ Kd7 50. Nb5 a6 51. Nc3 Bxc3 0-1

[Event "*** Titled Tuesday Blitz"]
[Site "Chess.com"]
[Date "2020.04.14"]
[Round "5"]
[White "CookiesAndIceCream"]
[Black "Gubajdullin"]
[Result "1-0"]
[WhiteElo "2359"]
[BlackElo "2496"]
[TimeControl "180+1"]
[EndTime "10:51:25 PDT"]
[Termination "CookiesAndIceCream won by checkmate"]

1. e4 c6 2. d4 d5 3. e5 Bf5 4. Nf3 e6 5. Be2 Nd7 6. O-O Ne7 7. Nbd2 h6 8. Nb3 Bh7 9. Bd2 Ng6 10. a4 Be7 11. a5 a6 12. Ne1 O-O 13. Nd3 f6 14. f4 fxe5 15. fxe5 Rxf1+ 16. Qxf1 Qc7 17. Bg4 Ndf8 18.
Nbc5 Bxc5 19. Nxc5 Qe7 20. Qf3 Kh8 21. Rf1 Bg8 22.
Qb3 Qh4 23. Qh3 Qe7 24. Bb4 Qe8 25. Nxb7 Qb8 26. Bxf8 Qxb7 27. Ba3 Qb5 28. Bxe6 Bxe6 29. Qxe6 Kh7 30. Qf5 Qe2 31. c3 Qe3+ 32. Kh1 Ra7 33. h3 Qe2 34. Rf3 Qe1+ 35. Kh2 Qe4 36. Qxe4 dxe4 37.
Re3 Rf7 38. Rxe4 Rf2 39. e6 Rd2 40. e7 Nxe7 41. Rxe7 c5 42. dxc5 Rd5 43. c6 Rd8 44. c7 Rc8 45. Bd6 Kg6 46. Rd7 Kf6 47. Rd8 Rxc7 48. Bxc7 Ke6 49. Rd6+ Ke7 50. Rxa6 g5 51. Rb6 Kf7 52. a6 g4 53. a7 g3+ 54.
Kg1 h5 55. a8=Q h4 56. Qd5+ Ke7 57. Bxg3 Kf8 58. Qd7 Kg8 59. Rb8# 1-0

[Event "*** Titled Tuesday Blitz"]
[Site "Chess.com"]
[Date "2020.04.14"]
[Round "5"]
[White "GOGIEFF"]
[Black "hedgehog280"]
[Result "0-1"]
[WhiteElo "2956"]
[BlackElo "2673"]
[TimeControl "180+1"]
[EndTime "10:51:26 PDT"]
[Termination "hedgehog280 won on time"]

1. d4 d6 2. Nf3 g6 3. c4 Bg7 4. Nc3 Nf6 5. e4 O-O 6. Be2 Nbd7 7. O-O e5 8. d5 a5 9. Bg5 h6 10. Bh4 g5 11. Bg3 Nh5 12. Nd2 Nf4 13. Bg4 Nf6 14.
Bxc8 Qxc8 15. Re1 h5 16. f3 b6 17. Nf1 h4 18. Bf2 N6h5 19. Ne3 Bf6 20. Nf5 Ng7 21.
Ne3 Ngh5 22. Qc2 Kh8 23. Nb5 Rg8 24. h3 Nxh3+ 25. gxh3 Qxh3 26. Qe2 Nf4 27. Qf1 Qxf3 28. Nf5 Nh3+ 29. Kh2 Nxf2 30. Qg2 Qf4+ 31. Kg1 Ng4 32. Rf1 Ne3 33. Nxe3 Qxe3+ 34. Kh1 Rg6 35. Rae1 Qd3 36. b3 g4 37. Rf5 h3 38. Qf1 Qg3 39. Rd1 Bg5 40. Nxc7 Bf4 41. Qe2 Rag8 42. Rg1 Qh4 43. Nb5 Rg5 44. Nxd6 g3 45. Nxf7+ Kh7 46. Nxg5+ Rxg5 47. Rxg5 Qxg5 0-1

[Event "*** Titled Tuesday Blitz"]
[Site "Chess.com"]
[Date "2020.04.14"]
[Round "5"]
[White "Jagerrmeisterr"]
[Black "Etoilegeniale"]
[Result "1-0"]
[WhiteElo "2686"]
[BlackElo "2509"]
[TimeControl "180+1"]
[EndTime "10:51:26 PDT"]
[Termination "Jagerrmeisterr won on time"]

1. e4 c5 2. Nc3 Nc6 3. g3 g6 4. Bg2 Bg7 5. d3 d6 6. Be3 Rb8 7. Qd2 b5 8. h3 b4 9. Nd1 e6 10.
Ne2 Nd4 11. Nc1 Ne7 12. c3 bxc3 13. bxc3 Ndc6 14. Bh6 O-O 15. Bxg7 Kxg7 16. O-O e5 17. f4 f5 18. Ne3 Be6 19. g4 fxe4 20. f5 gxf5 21.
gxf5 Nxf5 22. Nxf5+ Bxf5 23. dxe4 Bg6 24. Ne2 Kh8 25. Ng3 Rg8 26. Rad1 Qh4 27. Qxd6 Qxg3 28. Qf6+ Rg7 29. Rf3 Qxg2+ 30. Kxg2 Bxe4+ 31. Kf2 Bxf3 32. Rd7 Rg8 33. Kxf3 e4+ 34. Kxe4 Re8+ 35. Kd5 Ne7+ 36.
Kc4 Kg8 37. Qe6+ Kf8 38. Rd3 Rf7 39. Re3 Rd8 40. a4 Ng6 41. Re4 Kg8 42. h4 Kg7 43. h5 Nf8 44. h6+ Kg8 45. Rg4+ Ng6 46. Rxg6+ hxg6 47. Qxg6+ Kf8 48. h7 Ke7 49. Qg5+ 1-0

[Event "*** Titled Tuesday Blitz"]
[Site "Chess.com"]
[Date "2020.04.14"]
[Round "5"]
[White "lucasran"]
[Black "BronceYSueno"]
[Result "0-1"]
[WhiteElo "2630"]
[BlackElo "2594"]
[TimeControl "180+1"]
[EndTime "10:51:26 PDT"]
[Termination "BronceYSueno won by checkmate"]

1. Nf3 d6 2. d4 g6 3. c4 Bg7 4. Nc3 Nd7 5. Bg5 h6 6. Bh4 c5 7. d5 b5 8. cxb5 a6 9. e3 Qa5 10. bxa6 Bxa6 11. Bxa6 Qxa6 12. Qc2 Ngf6 13. Nd2 O-O 14.
e4 Rfb8 15. Bg3 Ng4 16. Rb1 Nge5 17. a4 Nd3+ 18. Kd1 Nb4 19. Qb3 Ne5 20. Bxe5 Nd3 21. Qc2 Nxf2+ 22. Kc1 Bxe5 23. Nb5 Nxh1 24. b3 Nf2 25. Nc4 Bf4+ 26. Kb2 Rxb5 27. axb5 Qxb5 28. Qxf2 Bg5 29. Rf1 Bf6+ 30. e5 dxe5 31. Rb1 e4+ 32. Kc2 Ra2+ 33. Nb2 c4 34. Qe3 Qxb3+ 35. Qxb3 cxb3+ 36.
Kxb3 Rxb2+ 37. Rxb2 Bxb2 38. Kxb2 Kf8 39. Kc3 Ke8 40.
Kd4 f5 41. g4 Kd7 42. h4 h5 43. gxf5 gxf5 44. Ke3 Kd6 45. Kf4 Kxd5 46. Kg5 e3 47. Kxh5 e2 48. Kg5 e1=Q 49. h5 Qg1+ 50. Kh6 f4 51. Kh7 f3 52. h6 Qg5 53. Kh8 Qxh6+ 54. Kg8 Qg5+ 55. Kh8 f2 56. Kh7 f1=Q 57. Kh8 Qh1# 0-1